[ PARTIDA AOE2 · #466469817 ]
Team RMIndostaníes vs Vietnamese
[ ANÁLISIS DE REPETICIÓN · EXTRAÍDO DE LA PARTIDA GRABADA ]
Feudal
10:59
Castillos
17:06
Imperial
33:33
| APM promedio | 17.7 |
| APM pico | 33 |
| eAPM promedio | 12.3 |
| Aldeanos / militares | 125 / 16 |
Foco
⚔️ 15.1% · 🌾 84.9%
Camel Scout ×10 · Monk ×4 · Spearman ×2
Feudal
12:50
Castillos
18:57
Imperial
31:23
| APM promedio | 15.8 |
| APM pico | 37 |
| eAPM promedio | 9.9 |
| Aldeanos / militares | 84 / 35 |
Foco
⚔️ 16.2% · 🌾 83.8%
Skirmisher ×23 · Rattan Archer ×8 · Trebuchet (Packed) ×2 · Bombard Cannon ×2
Feudal
12:51
Castillos
18:21
Imperial
—
| APM promedio | 17.2 |
| APM pico | 57 |
| eAPM promedio | 10.8 |
| Aldeanos / militares | 89 / 30 |
Foco
⚔️ 15.2% · 🌾 84.8%
Monk ×17 · Conquistador ×9 · Missionary ×4
Feudal
11:49
Castillos
15:30
Imperial
31:44
| APM promedio | 26.4 |
| APM pico | 62 |
| eAPM promedio | 13.0 |
| Aldeanos / militares | 82 / 37 |
Foco
⚔️ 19.6% · 🌾 80.4%
Scorpion ×23 · Knight ×5 · Monk ×4 · Scout Cavalry ×4 · Mangonel ×1
Mapa de la partida
Recursos iniciales + cada clic de construcción. Líneas = muros · curvas = relieve. ◆ oro · ⬟ piedra · ● bayas · ✦ reliquia · ◌ hueco del cierre
Tu base· ✓ Cerrada en 17:06 · 0t muro · 3 puerta(s)
Base de Basileus Masterbrand· ✓ Cerrada en 18:57 · 0t muro · 3 puerta(s)
Base de #m_big· ✓ Cerrada en 18:21 · 0t muro · 2 puerta(s)
Base de 将軍 Nwr· ✓ Cerrada en 15:30 · 0t muro · 2 puerta(s)
Terreno inicial suavizado · ◌ = hueco del cierre detectado · pasá el cursor para detalles
Inputs por minuto
— wacend - - Basileus Masterbrand
Build order — wacend
Primeras 150 de 233 acciones detectadas
| 0:01 | Crear | Villager (Male) |
| 0:02 | Crear | Villager (Male) |
| 0:04 | Construir | House |
| 0:06 | Construir | House |
| 0:12 | Crear | Villager (Male) |
| 0:12 | Crear | Villager (Male) |
| 1:11 | Crear | Villager (Male) |
| 1:11 | Crear | Villager (Male) |
| 1:39 | Crear | Villager (Male) |
| 1:51 | Construir | Lumber Camp |
| 2:08 | Crear | Villager (Male) |
| 2:08 | Crear | Villager (Male) |
| 2:42 | Crear | Villager (Male) |
| 2:43 | Crear | Villager (Male) |
| 3:16 | Crear | Villager (Male) |
| 3:16 | Crear | Villager (Male) |
| 3:16 | Crear | Villager (Male) |
| 3:33 | Construir | House |
| 3:39 | Crear | Villager (Male) |
| 3:40 | Crear | Villager (Male) |
| 3:40 | Crear | Villager (Male) |
| 4:39 | Crear | Villager (Male) |
| 4:39 | Crear | Villager (Male) |
| 4:49 | Crear | Villager (Male) |
| 5:09 | Crear | Villager (Male) |
| 5:15 | Crear | Villager (Male) |
| 5:22 | Construir | House |
| 5:40 | Construir | Mill |
| 5:43 | Crear | Villager (Male) |
| 5:43 | Crear | Villager (Male) |
| 6:14 | Crear | Villager (Male) |
| 6:14 | Crear | Villager (Male) |
| 6:43 | Crear | Villager (Male) |
| 7:16 | Crear | Villager (Male) |
| 7:42 | Crear | Villager (Male) |
| 8:32 | Investigar | Feudal Age |
| 9:17 | Crear | Villager (Male) |
| 9:40 | Crear | Villager (Male) |
| 9:55 | Construir | House |
| 9:56 | Construir | House |
| 10:59 | Edad | Edad Feudal |
| 11:01 | Crear | Villager (Male) |
| 11:05 | Investigar | Double-Bit Axe |
| 11:07 | Investigar | Horse Collar |
| 11:20 | Crear | Villager (Male) |
| 11:56 | Construir | Mining Camp |
| 12:18 | Construir | Farm |
| 12:25 | Crear | Villager (Male) |
| 12:33 | Construir | Market |
| 12:39 | Construir | Blacksmith |
| 12:45 | Construir | Farm |
| 12:46 | Construir | Farm |
| 12:49 | Construir | Farm |
| 12:53 | Crear | Villager (Male) |
| 13:01 | Investigar | Gold Mining |
| 13:09 | Construir | Farm |
| 13:13 | Crear | Villager (Male) |
| 13:18 | Construir | Farm |
| 13:23 | Construir | Farm |
| 13:28 | Construir | Farm |
| 13:38 | Construir | Farm |
| 13:41 | Crear | Villager (Male) |
| 14:15 | Construir | Farm |
| 14:16 | Construir | Farm |
| 14:17 | Construir | Farm |
| 14:18 | Construir | Farm |
| 14:26 | Investigar | Castle Age |
| 14:46 | Construir | Farm |
| 15:16 | Investigar | Stone Mining |
| 15:29 | Construir | House |
| 15:31 | Construir | House |
| 15:33 | Construir | House |
| 15:35 | Construir | House |
| 16:14 | Crear | Villager (Male) |
| 16:14 | Crear | Villager (Male) |
| 16:15 | Crear | Villager (Male) |
| 17:06 | Edad | Edad de los Castillos |
| 17:15 | Construir | Town Center |
| 17:29 | Construir | Town Center |
| 18:02 | Crear | Villager (Male) |
| 18:02 | Crear | Villager (Male) |
| 18:11 | Crear | Villager (Male) |
| 18:30 | Crear | Villager (Male) ×5 |
| 18:52 | Construir | Monastery |
| 18:58 | Crear | Villager (Male) ×5 |
| 19:05 | Crear | Villager (Male) |
| 19:06 | Crear | Villager (Male) |
| 19:29 | Investigar | Bow Saw |
| 19:37 | Crear | Monk |
| 19:39 | Crear | Monk |
| 19:45 | Construir | Barracks |
| 19:57 | Construir | Farm |
| 19:58 | Construir | Farm |
| 20:00 | Construir | Farm |
| 20:01 | Construir | Farm |
| 20:03 | Construir | Farm |
| 20:39 | Crear | Monk |
| 20:41 | Crear | Spearman |
| 20:41 | Crear | Spearman |
| 20:51 | Crear | Villager (Male) ×5 |
| 20:57 | Crear | Villager (Male) ×5 |
| 21:00 | Crear | Villager (Male) ×5 |
| 21:32 | Investigar | Pikeman (upgrade) |
| 22:04 | Crear | Monk |
| 22:54 | Construir | House |
| 22:55 | Construir | House |
| 22:57 | Construir | House |
| 22:58 | Construir | House |
| 22:58 | Construir | House |
| 22:59 | Construir | House |
| 23:37 | Crear | Villager (Male) ×5 |
| 23:41 | Crear | Villager (Male) ×5 |
| 23:45 | Crear | Villager (Male) ×5 |
| 24:25 | Investigar | Gold Shaft Mining |
| 24:50 | Construir | Mining Camp |
| 24:53 | Construir | Farm |
| 25:17 | Crear | Villager (Male) ×5 |
| 25:21 | Construir | House |
| 25:23 | Construir | House |
| 25:24 | Construir | House |
| 25:24 | Construir | House |
| 25:26 | Construir | House |
| 25:26 | Construir | House |
| 25:28 | Construir | House |
| 25:28 | Construir | House |
| 25:58 | Construir | Mill |
| 26:02 | Construir | Farm |
| 26:04 | Construir | Farm |
| 26:05 | Construir | Farm |
| 26:08 | Construir | Farm |
| 26:10 | Construir | Farm |
| 26:11 | Construir | Farm |
| 26:12 | Construir | Farm |
| 26:13 | Construir | Farm |
| 26:20 | Crear | Villager (Male) ×5 |
| 26:24 | Construir | Farm |
| 26:25 | Construir | Farm |
| 26:27 | Construir | Farm |
| 26:28 | Construir | Farm |
| 26:30 | Construir | Farm |
| 26:41 | Crear | Villager (Male) ×5 |
| 26:53 | Construir | Mill |
| 26:56 | Construir | Farm |
| 26:57 | Construir | Farm |
| 26:58 | Construir | Farm |
| 26:59 | Construir | Farm |
| 27:01 | Construir | Farm |
| 27:03 | Construir | Farm |
| 27:04 | Construir | Farm |
| 27:05 | Construir | Farm |
Build order — Basileus Masterbrand
Primeras 150 de 211 acciones detectadas
| 0:05 | Construir | House |
| 0:06 | Construir | House |
| 0:08 | Construir | House |
| 0:11 | Crear | Villager (Male) ×4 |
| 1:56 | Crear | Villager (Male) |
| 2:29 | Crear | Villager (Male) |
| 2:50 | Crear | Villager (Male) |
| 3:17 | Crear | Villager (Male) |
| 3:18 | Crear | Villager (Male) |
| 4:06 | Crear | Villager (Male) |
| 4:07 | Crear | Villager (Male) |
| 4:54 | Crear | Villager (Male) |
| 6:16 | Construir | House |
| 6:30 | Crear | Villager (Male) |
| 6:31 | Crear | Villager (Male) |
| 7:03 | Crear | Villager (Male) |
| 7:22 | Crear | Villager (Male) |
| 7:24 | Crear | Villager (Male) |
| 7:59 | Construir | Mill |
| 8:25 | Crear | Villager (Male) |
| 8:26 | Crear | Villager (Male) |
| 8:26 | Crear | Villager (Male) |
| 8:34 | Construir | Lumber Camp |
| 8:42 | Construir | Farm |
| 8:46 | Construir | Farm |
| 8:49 | Construir | Farm |
| 9:08 | Crear | Villager (Male) |
| 9:08 | Crear | Villager (Male) |
| 10:15 | Investigar | Feudal Age |
| 10:38 | Construir | Mining Camp |
| 10:52 | Construir | House |
| 10:57 | Crear | Villager (Male) |
| 10:58 | Crear | Villager (Male) |
| 12:28 | Construir | House |
| 12:50 | Edad | Edad Feudal |
| 12:53 | Investigar | Double-Bit Axe |
| 12:56 | Investigar | Horse Collar |
| 13:00 | Construir | Farm |
| 13:05 | Construir | Farm |
| 13:15 | Construir | Blacksmith |
| 13:37 | Crear | Villager (Male) |
| 13:37 | Crear | Villager (Male) |
| 13:49 | Construir | Farm |
| 14:00 | Construir | Farm |
| 14:02 | Crear | Villager (Male) |
| 14:25 | Construir | Farm |
| 14:31 | Construir | Market |
| 15:05 | Construir | Farm |
| 15:07 | Crear | Villager (Male) |
| 15:21 | Construir | Farm |
| 15:24 | Construir | Farm |
| 15:27 | Construir | Farm |
| 15:31 | Construir | Farm |
| 15:34 | Construir | Farm |
| 15:36 | Construir | Farm |
| 16:12 | Construir | House |
| 16:17 | Investigar | Castle Age |
| 16:35 | Construir | House |
| 16:51 | Crear | Villager (Male) |
| 16:52 | Crear | Villager (Male) |
| 17:47 | Investigar | Gold Mining |
| 17:59 | Construir | Barracks |
| 18:57 | Edad | Edad de los Castillos |
| 19:01 | Investigar | Bow Saw |
| 19:07 | Investigar | Heavy Plow |
| 19:31 | Construir | Town Center |
| 19:38 | Crear | Villager (Male) |
| 19:39 | Crear | Villager (Male) |
| 19:58 | Construir | Mining Camp |
| 20:15 | Construir | Lumber Camp |
| 20:23 | Crear | Villager (Male) |
| 20:24 | Crear | Villager (Male) |
| 20:29 | Investigar | Stone Mining |
| 20:49 | Crear | Villager (Male) |
| 21:06 | Crear | Villager (Male) |
| 21:14 | Investigar | Stone Shaft Mining |
| 21:27 | Construir | Farm |
| 21:28 | Crear | Villager (Male) |
| 21:29 | Crear | Villager (Male) |
| 21:29 | Crear | Villager (Male) |
| 21:30 | Crear | Villager (Male) |
| 21:34 | Crear | Villager (Male) |
| 21:58 | Construir | University |
| 22:04 | Construir | Farm |
| 22:11 | Crear | Villager (Male) |
| 22:14 | Crear | Villager (Male) |
| 22:35 | Construir | Lumber Camp |
| 22:38 | Crear | Villager (Male) |
| 22:50 | Crear | Villager (Male) |
| 22:50 | Crear | Villager (Male) |
| 23:12 | Construir | Archery Range |
| 23:20 | Crear | Villager (Male) |
| 23:37 | Construir | House |
| 23:39 | Construir | House |
| 23:51 | Crear | Villager (Male) |
| 23:52 | Crear | Villager (Male) |
| 24:02 | Construir | Farm |
| 24:10 | Investigar | Fletching |
| 24:24 | Construir | Stable |
| 24:31 | Crear | Villager (Male) |
| 24:33 | Crear | Villager (Male) |
| 24:36 | Construir | Farm |
| 24:38 | Construir | Farm |
| 24:40 | Crear | Villager (Male) |
| 24:46 | Construir | House |
| 24:58 | Crear | Villager (Male) |
| 25:02 | Construir | House |
| 25:03 | Construir | House |
| 25:04 | Construir | House |
| 25:05 | Construir | House |
| 25:12 | Crear | Villager (Male) |
| 25:25 | Investigar | Elite Skirmisher (upgrade) |
| 25:28 | Construir | Farm |
| 25:35 | Construir | Archery Range |
| 26:02 | Crear | Villager (Male) |
| 26:02 | Crear | Villager (Male) |
| 26:06 | Crear | Villager (Male) |
| 26:06 | Crear | Villager (Male) |
| 26:27 | Investigar | Padded Archer Armor |
| 26:34 | Construir | Farm |
| 26:40 | Crear | Villager (Male) |
| 26:42 | Crear | Villager (Male) |
| 26:51 | Construir | Castle |
| 27:07 | Construir | Monastery |
| 27:16 | Construir | Farm |
| 27:20 | Investigar | Wheelbarrow |
| 27:23 | Crear | Villager (Male) |
| 27:32 | Investigar | Ballistics |
| 27:36 | Crear | Skirmisher |
| 27:36 | Crear | Skirmisher |
| 27:36 | Crear | Skirmisher |
| 27:36 | Crear | Skirmisher |
| 27:36 | Crear | Skirmisher |
| 27:39 | Crear | Skirmisher |
| 27:45 | Crear | Villager (Male) |
| 27:47 | Investigar | Leather Archer Armor |
| 28:03 | Investigar | Imperial Age |
| 28:10 | Crear | Villager (Male) |
| 28:23 | Construir | Mining Camp |
| 28:26 | Crear | Rattan Archer |
| 28:26 | Crear | Rattan Archer |
| 28:26 | Crear | Rattan Archer |
| 28:27 | Crear | Rattan Archer |
| 28:27 | Crear | Rattan Archer |
| 28:39 | Construir | House |
| 28:40 | Construir | House |
| 28:40 | Construir | House |
| 28:41 | Construir | House |
| 28:42 | Construir | House |
| 28:43 | Construir | House |
Build order — #m_big
Primeras 150 de 233 acciones detectadas
| 0:02 | Construir | House |
| 0:04 | Construir | House |
| 0:27 | Crear | Villager (Male) |
| 0:27 | Crear | Villager (Male) |
| 0:27 | Crear | Villager (Male) |
| 0:28 | Crear | Villager (Male) |
| 0:28 | Crear | Villager (Male) |
| 1:52 | Crear | Villager (Male) |
| 1:53 | Crear | Villager (Male) |
| 2:16 | Construir | Lumber Camp |
| 2:21 | Crear | Villager (Male) |
| 2:21 | Crear | Villager (Male) |
| 2:40 | Crear | Villager (Male) |
| 2:41 | Crear | Villager (Male) |
| 3:13 | Crear | Villager (Male) |
| 3:13 | Crear | Villager (Male) |
| 3:26 | Crear | Villager (Male) |
| 3:26 | Crear | Villager (Male) |
| 4:18 | Construir | House |
| 4:34 | Crear | Villager (Male) |
| 4:34 | Crear | Villager (Male) |
| 5:08 | Construir | Mill |
| 6:00 | Crear | Villager (Male) |
| 6:00 | Crear | Villager (Male) |
| 6:44 | Crear | Villager (Male) |
| 6:44 | Crear | Villager (Male) |
| 7:03 | Construir | Mill |
| 7:23 | Crear | Villager (Male) |
| 7:24 | Crear | Villager (Male) |
| 8:07 | Crear | Villager (Male) |
| 8:12 | Construir | Mining Camp |
| 8:19 | Crear | Villager (Male) |
| 8:24 | Investigar | Loom |
| 8:34 | Construir | House |
| 8:40 | Crear | Villager (Male) |
| 8:41 | Crear | Villager (Male) |
| 8:42 | Crear | Villager (Male) |
| 9:00 | Construir | House |
| 9:03 | Crear | Villager (Male) |
| 9:08 | Crear | Villager (Male) |
| 9:12 | Investigar | Feudal Age |
| 10:26 | Construir | Lumber Camp |
| 10:52 | Crear | Villager (Male) |
| 10:52 | Crear | Villager (Male) |
| 11:35 | Construir | Farm |
| 11:37 | Construir | Farm |
| 11:40 | Construir | Farm |
| 11:47 | Construir | Farm |
| 12:51 | Edad | Edad Feudal |
| 12:53 | Investigar | Double-Bit Axe |
| 13:02 | Construir | Blacksmith |
| 13:23 | Construir | Market |
| 13:30 | Investigar | Horse Collar |
| 13:45 | Construir | Farm |
| 14:24 | Crear | Villager (Male) |
| 14:25 | Crear | Villager (Male) |
| 14:36 | Construir | Farm |
| 14:43 | Construir | Farm |
| 14:45 | Construir | Farm |
| 14:47 | Construir | Farm |
| 14:56 | Crear | Villager (Male) |
| 15:21 | Construir | Farm |
| 15:41 | Investigar | Castle Age |
| 16:37 | Construir | Farm |
| 16:50 | Investigar | Gold Mining |
| 17:06 | Construir | Barracks |
| 17:59 | Construir | House |
| 18:01 | Construir | House |
| 18:07 | Crear | Villager (Male) |
| 18:07 | Crear | Villager (Male) |
| 18:21 | Edad | Edad de los Castillos |
| 18:24 | Construir | Monastery |
| 18:28 | Construir | Monastery |
| 18:47 | Construir | Town Center |
| 18:56 | Crear | Villager (Male) |
| 18:56 | Crear | Villager (Male) |
| 18:56 | Crear | Villager (Male) |
| 19:04 | Crear | Missionary |
| 19:04 | Crear | Missionary |
| 19:04 | Crear | Missionary |
| 19:24 | Crear | Missionary |
| 19:47 | Investigar | Wheelbarrow |
| 20:05 | Crear | Villager (Male) |
| 20:05 | Crear | Villager (Male) |
| 20:05 | Crear | Villager (Male) |
| 20:52 | Construir | Siege Workshop |
| 23:09 | Crear | Monk |
| 23:10 | Crear | Monk |
| 23:11 | Crear | Monk |
| 23:12 | Crear | Monk |
| 23:34 | Construir | Town Center |
| 23:36 | Investigar | Hand Cart |
| 23:38 | Crear | Villager (Male) |
| 23:38 | Crear | Villager (Male) |
| 23:39 | Crear | Villager (Male) |
| 23:39 | Crear | Villager (Male) |
| 23:39 | Crear | Villager (Male) |
| 23:39 | Crear | Villager (Male) |
| 23:39 | Crear | Villager (Male) |
| 24:45 | Investigar | Atonement |
| 24:53 | Crear | Villager (Male) |
| 24:53 | Crear | Villager (Male) |
| 24:54 | Crear | Villager (Male) |
| 24:54 | Crear | Villager (Male) |
| 24:54 | Crear | Villager (Male) |
| 24:55 | Crear | Villager (Male) |
| 25:02 | Construir | House |
| 25:03 | Construir | House |
| 25:03 | Construir | House |
| 25:03 | Construir | House |
| 25:04 | Construir | House |
| 25:04 | Construir | House |
| 25:04 | Construir | House |
| 25:04 | Construir | House |
| 25:05 | Construir | House |
| 25:05 | Construir | House |
| 25:05 | Construir | House |
| 25:06 | Construir | House |
| 25:06 | Construir | House |
| 25:07 | Construir | House |
| 25:08 | Construir | House |
| 25:09 | Construir | House |
| 25:09 | Construir | House |
| 25:16 | Crear | Villager (Male) |
| 25:16 | Crear | Villager (Male) |
| 25:16 | Crear | Villager (Male) |
| 25:28 | Investigar | Sanctity |
| 25:31 | Investigar | Scale Barding Armor |
| 25:41 | Investigar | Bow Saw |
| 25:49 | Investigar | Redemption |
| 26:22 | Investigar | Stone Mining |
| 26:55 | Construir | Castle |
| 27:01 | Construir | Mining Camp |
| 27:05 | Crear | Villager (Male) |
| 27:05 | Crear | Villager (Male) |
| 27:13 | Construir | Farm |
| 27:14 | Construir | Farm |
| 27:14 | Construir | Farm |
| 27:14 | Construir | Farm |
| 27:14 | Construir | Farm |
| 27:15 | Construir | Farm |
| 27:15 | Construir | Farm |
| 27:15 | Construir | Farm |
| 27:15 | Construir | Farm |
| 27:16 | Construir | Farm |
| 27:19 | Crear | Villager (Male) |
| 27:19 | Crear | Villager (Male) |
| 27:19 | Crear | Villager (Male) |
| 27:19 | Crear | Villager (Male) |
| 27:42 | Investigar | Fervor |
Build order — 将軍 Nwr
Primeras 150 de 221 acciones detectadas
| 0:00 | Crear | Villager (Male) |
| 0:00 | Crear | Villager (Male) |
| 0:04 | Construir | House |
| 0:06 | Construir | House |
| 0:09 | Crear | Villager (Male) |
| 0:24 | Crear | Villager (Male) |
| 1:34 | Crear | Villager (Male) |
| 2:14 | Construir | Lumber Camp |
| 2:16 | Crear | Villager (Male) |
| 2:36 | Crear | Villager (Male) |
| 3:08 | Crear | Villager (Male) |
| 3:27 | Crear | Villager (Male) |
| 4:03 | Crear | Villager (Male) |
| 4:04 | Crear | Villager (Male) |
| 4:11 | Construir | House |
| 4:42 | Construir | Mill |
| 5:07 | Crear | Villager (Male) |
| 5:08 | Crear | Villager (Male) |
| 5:12 | Crear | Villager (Male) |
| 6:19 | Crear | Villager (Male) |
| 6:33 | Construir | Mining Camp |
| 6:41 | Crear | Villager (Male) |
| 6:50 | Crear | Villager (Male) |
| 7:00 | Construir | Mill |
| 7:05 | Crear | Villager (Male) |
| 7:14 | Construir | House |
| 7:53 | Crear | Villager (Male) |
| 8:21 | Crear | Villager (Male) |
| 8:25 | Crear | Villager (Male) |
| 8:49 | Construir | House |
| 9:29 | Investigar | Feudal Age |
| 9:39 | Investigar | Feudal Age |
| 9:54 | Crear | Villager (Male) |
| 10:09 | Crear | Villager (Male) |
| 10:10 | Crear | Villager (Male) |
| 11:49 | Edad | Edad Feudal |
| 11:57 | Investigar | Double-Bit Axe |
| 12:47 | Construir | Farm |
| 12:47 | Construir | Farm |
| 12:48 | Construir | Farm |
| 12:48 | Construir | Farm |
| 12:50 | Investigar | Castle Age |
| 13:27 | Crear | Villager (Male) |
| 14:15 | Construir | Farm |
| 14:16 | Construir | Farm |
| 14:18 | Construir | Farm |
| 14:19 | Construir | Farm |
| 14:21 | Construir | Farm |
| 14:23 | Construir | Farm |
| 14:46 | Crear | Villager (Male) |
| 14:49 | Construir | Farm |
| 14:54 | Construir | Farm |
| 14:55 | Construir | Farm |
| 14:58 | Construir | Farm |
| 14:59 | Investigar | Horse Collar |
| 15:02 | Investigar | Double-Bit Axe |
| 15:12 | Construir | Stable |
| 15:30 | Edad | Edad de los Castillos |
| 16:10 | Crear | Knight |
| 16:10 | Crear | Knight |
| 16:17 | Investigar | Bloodlines |
| 16:29 | Construir | Monastery |
| 16:35 | Crear | Villager (Male) |
| 16:36 | Crear | Villager (Male) |
| 16:37 | Crear | Villager (Male) |
| 16:49 | Construir | House |
| 17:08 | Crear | Villager (Male) |
| 17:14 | Crear | Villager (Male) |
| 17:20 | Investigar | Bow Saw |
| 17:33 | Investigar | Husbandry |
| 17:42 | Construir | House |
| 17:45 | Construir | House |
| 17:48 | Crear | Villager (Male) |
| 17:58 | Construir | House |
| 18:22 | Crear | Villager (Male) |
| 18:30 | Crear | Monk |
| 18:34 | Crear | Monk |
| 18:36 | Construir | House |
| 18:39 | Crear | Villager (Male) |
| 18:48 | Investigar | Gold Mining |
| 18:57 | Crear | Knight |
| 19:28 | Crear | Monk |
| 19:43 | Investigar | Heavy Plow |
| 19:49 | Construir | Farm |
| 19:51 | Construir | Farm |
| 19:54 | Crear | Villager (Male) |
| 19:54 | Crear | Villager (Male) |
| 20:29 | Construir | Farm |
| 20:42 | Crear | Villager (Male) |
| 21:03 | Crear | Villager (Male) |
| 21:35 | Crear | Villager (Male) |
| 21:41 | Construir | Town Center |
| 22:04 | Crear | Villager (Male) |
| 22:05 | Crear | Villager (Male) |
| 22:59 | Crear | Villager (Male) |
| 22:59 | Crear | Villager (Male) |
| 23:00 | Crear | Villager (Male) |
| 23:00 | Crear | Villager (Male) |
| 23:07 | Crear | Monk |
| 23:14 | Construir | Siege Workshop |
| 23:20 | Construir | University |
| 23:22 | Crear | Villager (Male) |
| 23:33 | Crear | Villager (Male) |
| 23:33 | Crear | Villager (Male) |
| 23:34 | Crear | Villager (Male) |
| 23:34 | Crear | Villager (Male) |
| 23:46 | Crear | Villager (Male) |
| 23:47 | Crear | Villager (Male) |
| 24:32 | Crear | Villager (Male) |
| 24:33 | Crear | Villager (Male) |
| 24:36 | Investigar | Imperial Age |
| 24:38 | Investigar | Wheelbarrow |
| 24:42 | Crear | Villager (Male) |
| 25:02 | Crear | Villager (Male) |
| 25:29 | Crear | Knight |
| 25:29 | Crear | Knight |
| 25:34 | Crear | Scorpion |
| 25:34 | Crear | Scorpion |
| 25:39 | Construir | Siege Workshop |
| 25:44 | Crear | Villager (Male) |
| 26:06 | Crear | Villager (Male) |
| 26:19 | Construir | House |
| 26:20 | Construir | House |
| 26:21 | Construir | House |
| 26:23 | Construir | House |
| 26:38 | Crear | Villager (Male) |
| 26:41 | Investigar | Hand Cart |
| 26:57 | Construir | House |
| 27:01 | Construir | House |
| 27:20 | Crear | Scorpion |
| 27:23 | Crear | Scorpion |
| 27:24 | Crear | Scorpion |
| 27:24 | Crear | Scorpion |
| 27:44 | Construir | House |
| 27:54 | Construir | Blacksmith |
| 27:57 | Crear | Villager (Male) |
| 28:06 | Crear | Scorpion |
| 28:07 | Crear | Scorpion |
| 28:15 | Construir | Farm |
| 28:16 | Construir | Farm |
| 28:16 | Construir | Farm |
| 28:21 | Construir | Farm |
| 28:22 | Construir | Farm |
| 28:22 | Construir | Farm |
| 28:22 | Construir | Farm |
| 28:32 | Crear | Villager (Male) |
| 28:33 | Crear | Villager (Male) |
| 28:34 | Investigar | Imperial Age |
| 28:40 | Investigar | Ballistics |
| 28:43 | Crear | Scorpion |
Cronología de la partida
| 10:59 | wacend · age_up feudal |
| 11:49 | 将軍 Nwr · age_up feudal |
| 12:50 | Basileus Masterbrand · age_up feudal |
| 12:51 | #m_big · age_up feudal |
| 15:12 | 将軍 Nwr · first_building Stable |
| 15:26 | #m_big · first_market_buy 100 food |
| 15:28 | #m_big · first_market_sell 100 wood |
| 15:30 | 将軍 Nwr · age_up castle |
| 16:29 | 将軍 Nwr · first_building Monastery |
| 17:06 | #m_big · first_building Barracks |
| 17:06 | wacend · age_up castle |
| 17:59 | Basileus Masterbrand · first_building Barracks |
| 18:21 | #m_big · age_up castle |
| 18:24 | #m_big · first_building Monastery |
| 18:52 | wacend · first_building Monastery |
| 18:57 | Basileus Masterbrand · age_up castle |
| 19:45 | wacend · first_building Barracks |
| 20:52 | #m_big · first_building Siege Workshop |
| 23:12 | Basileus Masterbrand · first_building Archery Range |
| 23:14 | 将軍 Nwr · first_building Siege Workshop |
| 24:24 | Basileus Masterbrand · first_building Stable |
| 26:51 | Basileus Masterbrand · first_building Castle |
| 26:55 | #m_big · first_building Castle |
| 27:07 | Basileus Masterbrand · first_building Monastery |
| 29:20 | wacend · first_building Siege Workshop |
| 30:04 | Basileus Masterbrand · first_building Siege Workshop |
| 30:10 | 将軍 Nwr · first_building Barracks |
| 31:09 | wacend · first_building Castle |
| 31:23 | Basileus Masterbrand · age_up imperial |
| 31:44 | 将軍 Nwr · age_up imperial |
| 33:30 | wacend · first_building Stable |
| 33:33 | wacend · age_up imperial |
| 34:31 | wacend · first_building Archery Range |
| 35:39 | #m_big · resign |
[ ANÁLISIS IA · 1 CRÉDITO ]
¿Qué pasó realmente en esta partida?
Wolo.gg analiza cada decisión: build order, eco, micro, errores típicos por bracket. Análisis personalizado por WhatsApp o Discord en 30 segundos.
Guía civ
Indostaníes
Guía mapa
Arena
Perfil
wacend